 Dungeon Crawl Stone Soup version 0.27.1-2-g3b301248ec (webtiles) character file.

Game seed: 334617178600375329

12740 styxcanada the Protected (level 11, -1/99 HPs)
             Began as a Minotaur Fighter on Oct 5, 2021.
             Was an Initiate of Gozag.
             Slain by an eight-headed hydra (5 damage)
             ... on level 1 of the Lair of Beasts.
             The game lasted 00:28:41 (6490 turns).

styxcanada the Protected (Minotaur Fighter)         Turns: 6490, Time: 00:28:42

Health: -1/99      AC: 16    Str: 25    XL:     11   Next: 66%
Magic:  10/10      EV:  7    Int:  5    God:    Gozag
Gold:   977        SH: 13    Dex: 11    Spells: 10/10 levels left

rFire    . . .     SeeInvis .   k - +10 rapier of Exhibitionism {vamp, rC++ Str+2}
rCold    + + .     Faith    .   c - +1 kite shield
rNeg     . . .     Spirit   .   n - +0 plate armour
rPois    .         Reflect  .   (helmet restricted)
rElec    .         Harm     .   F - +0 cloak
rCorr    .         Rampage  .   (no gloves)
Will     .....                  (no boots)
Stlth    ..........             m - amulet of regeneration
HPRegen  1.26/turn              (no ring)
MPRegen  0.12/turn              (no ring)

@: no status effects
A: horns 2, retaliatory headbutt
a: Renounce Religion, Potion Petition, Call Merchant, Bribe Branch


You were on level 1 of the Lair of Beasts.
You worshipped Gozag.
Gozag was pleased with you.
You visited 3 branches of the dungeon, and saw 10 of its levels.

You collected 1041 gold pieces.
You paid 64 gold pieces to Gozag.

Inventory:

Hand Weapons
 a - a +1 war axe of venom
 j - a +0 hunting sling
 k - the +10 rapier of Exhibitionism (weapon) {vamp, rC++ Str+2}
   (You found it on level 5 of the Dungeon)

   It occasionally heals its wielder for a portion of the damage dealt when it
   wounds a living foe.
   Str:       It affects your strength (+2).
   rC:        It greatly protects you from cold.
 I - the +7 long sword "Xywimosk" {freeze, rPois rCorr}
   (You found it on level 1 of the Lair of Beasts)

   It freezes those it strikes, dealing additional cold damage.
   It can also slow down cold-blooded creatures.
   rPois:     It protects you from poison.
   rCorr:     It protects you from acid and corrosion.
Missiles
 e - 294 stones
 g - 57 sling bullets
 o - 5 poisoned darts (quivered)
 q - 5 atropa-tipped darts
 x - 2 silver javelins
Armour
 c - a +1 kite shield (worn)
 n - a +0 plate armour (worn)
 F - a +0 cloak (worn)
Jewellery
 m - an amulet of regeneration (around neck)
Wands
 l - a wand of digging (5)
 B - a wand of acid (7)
 C - a wand of charming (8)
 G - a wand of polymorph (11)
Scrolls
 i - 3 scrolls of immolation
 u - a scroll of holy word
 v - 2 scrolls of magic mapping
 w - 3 scrolls of teleportation
 y - 2 scrolls of amnesia
 E - a scroll of blinking
Potions
 b - 2 potions of mutation
 d - a potion of might
 f - 2 potions of cancellation
 h - 8 potions of curing
 p - 2 potions of lignification
 r - 2 potions of invisibility
 s - a potion of ambrosia
 z - a potion of haste {unknown}
 A - 3 potions of resistance
 D - a potion of magic {unknown}
 H - a potion of degeneration {unknown}


   Skills:
 * Level 10.0 Fighting
 + Level 9.0(9.1) Short Blades
 + Level 2.5(6.7) Long Blades
 + Level 6.1 Axes
 + Level 2.4(2.9) Slings
 + Level 2.1(2.6) Throwing
 * Level 11.4 Armour
 + Level 3.6 Dodging
 + Level 9.1 Shields
 * Level 5.2 Evocations


You had 10 spell levels left.
You didn't know any spells.
Your spell library contained the following spells:

 Spells                   Type           Power      Damage    Failure   Level
 Freeze                   Ice            0%         1d3       100%        1
 Conjure Flame            Conj/Fire      0%         6-21      100%        3
 Frozen Ramparts          Ice            0%         1d2       100%        3
 Ignite Poison            Fire/Tmut/Pois 0%         N/A       100%        3
 Cause Fear               Hex            0%         N/A       100%        4
 Hailstorm                Conj/Ice       0%         3d3       100%        4
 Sticky Flame             Conj/Fire      0%         2d3       100%        4
 Dragon Form              Tmut           0%         N/A       100%        7
 Dragon's Call            Summ           0%         N/A       100%        9


Dungeon Overview and Level Annotations

Branches:
Dungeon (8/15)             Temple (1/1) D:4            Lair (1/6) D:8

Altars:
Ashenzari
Cheibriados
Dithmenos
Elyvilon
Fedhas
Gozag
Hepliaklqana
Kikubaaqudgha
Makhleb
Nemelex Xobeh
Okawaru
Qazlal
Ru
Trog
Uskayaw
Vehumet
Wu Jian
Xom
Yredelemnul
Zin
The Shining One

Shops:
D:8 (

Annotations:
Lair:1 2 transporters


Innate Abilities, Weirdness & Mutations

You have a pair of horns on your head.
You reflexively headbutt those who attack you in melee.


Message History

The eight-headed hydra is lightly wounded.
The eight-headed hydra bites you but does no damage.
The eight-headed hydra barely misses you.
The eight-headed hydra bites you.
The eight-headed hydra bites you but does no damage.
You block the eight-headed hydra's attack.
The eight-headed hydra bites you.
The eight-headed hydra bites you but does no damage.
The eight-headed hydra barely misses you.
You impale the eight-headed hydra!! You headbutt the eight-headed hydra.
The eight-headed hydra is heavily wounded.
You block the eight-headed hydra's attack.
The eight-headed hydra bites you. x2
The eight-headed hydra bites you but does no damage.
The eight-headed hydra bites you!
* * * LOW HITPOINT WARNING * * *
You block the eight-headed hydra's attack. x2
The eight-headed hydra bites you but does no damage.
You barely miss the eight-headed hydra.
You headbutt the eight-headed hydra, but do no damage.
The eight-headed hydra is heavily wounded.
The eight-headed hydra bites you!
* * * LOW HITPOINT WARNING * * *
The eight-headed hydra bites you but does no damage.
The eight-headed hydra bites you.
* * * LOW HITPOINT WARNING * * *
The eight-headed hydra barely misses you.
You block the eight-headed hydra's attack.
The eight-headed hydra closely misses you.
You block the eight-headed hydra's attack.
The eight-headed hydra bites you.
* * * LOW HITPOINT WARNING * * *
The eight-headed hydra bites you but does no damage.
The eight-headed hydra bites you!
* * * LOW HITPOINT WARNING * * *
The eight-headed hydra bites you!
* * * LOW HITPOINT WARNING * * *
The eight-headed hydra bites you.
You die...
Your body crumbles into a pile of gold.

.##.##.#..##
...........
.......$..##
...........#
.................#
.................#
.................##
#..............D..#
#.....########..@##
#.....#######....#
#.....##.....#...#
#....?.#....#.....#
............##...##
......##....##...#
P.....###P...#...#
#.....#####.#....#
.................#


You could see an eight-headed hydra.

Vanquished Creatures
  2 hydras (Lair:1)
  The ghost of GravelGoth the Covert, a journeyman OpBr of Dithmenos (Lair:1)
  A manticore (D:7)
  Maurice (D:8)
  A black mamba (Lair:1)
  A rime drake (Lair:1)
  A polar bear (Lair:1)
  Prince Ribbit (D:8)
  A wyvern (D:8)
  2 water moccasins
  A sky beast (D:7)
  3 ice beasts
  An orc warrior (D:8)
  2 black bears
  A necrophage (D:7)
  An ogre (D:6)
  2 centaurs (D:7)
  A phantom (D:6)
  A kobold brigand (D:8)
  2 bullfrogs
  3 scorpions
  A water moccasin zombie (D:5)
  A wyvern skeleton (D:7)
  A water moccasin skeleton (D:7)
  12 wights
  A howler monkey (D:6)
  A bullfrog zombie (D:5)
  2 gnoll shamans
  3 hounds
  A bullfrog skeleton (D:7)
  An orc priest (D:5)
  4 iguanas
  4 orc wizards
  5 gnolls (D:5)
  7 adders
  A shadow imp (D:5)
  2 ufetubi
  10 dart slugs
  13 orcs
  3 bats
  5 endoplasms
  2 giant cockroaches (D:3)
  12 goblins
  7 hobgoblins
  14 kobolds
  3 quokkas
  3 ball pythons
  4 frilled lizards
  2 rats
155 creatures vanquished.

Vanquished Creatures (others)
  4 fungi
  6 plants
10 creatures vanquished.

Grand Total: 165 creatures vanquished

Notes
Turn   | Place    | Note
-------+----------+-------------------------------------------
     0 | D:1      | styxcanada the Minotaur Fighter began the quest for the
                  | Orb.
     0 | D:1      | Reached XP level 1. HP: 19/19 MP: 0/0
   173 | D:1      | Reached XP level 2. HP: 26/27 MP: 1/1
   442 | D:1      | Reached skill level 4 in Armour
   760 | D:2      | Reached XP level 3. HP: 33/33 MP: 2/2
  1410 | D:2      | Found an iron altar of Okawaru.
  1564 | D:3      | Reached XP level 4. HP: 26/40 MP: 3/3
  2016 | D:3      | Reached skill level 5 in Armour
  2016 | D:3      | Reached XP level 5. HP: 47/47 MP: 4/4
  2185 | D:3      | Found a faded altar of an unknown god.
  2858 | D:4      | Found a staircase to the Ecumenical Temple.
  2883 | Temple   | Entered the Ecumenical Temple
  3134 | D:4      | Found a radiant altar of Vehumet.
  3387 | D:5      | Entered Level 5 of the Dungeon
  3396 | D:5      | Noticed a black bear
  3404 | D:5      | Killed a black bear
  3405 | D:5      | Reached skill level 5 in Fighting
  3405 | D:5      | Reached XP level 6. HP: 56/56 MP: 5/5
  3418 | D:5      | Noticed a water moccasin
  3431 | D:5      | Killed a water moccasin
  3449 | D:5      | Identified the +10 rapier of Exhibitionism {vamp, rC++
                  | Str+2}
  3480 | D:5      | Reached skill level 5 in Shields
  3487 | D:5      | Reached skill level 5 in Axes
  3511 | D:5      | Noticed an ice beast
  3516 | D:5      | Killed an ice beast
  3517 | D:5      | Reached skill level 6 in Armour
  3517 | D:5      | Reached XP level 7. HP: 57/61 MP: 6/6
  3517 | D:5      | Found an ornate altar of the Wu Jian Council.
  3518 | D:5      | Found an opulent altar of Gozag.
  3521 | D:5      | Found a bloodstained altar of Trog.
  3522 | D:5      | Found a white marble altar of Elyvilon.
  3523 | D:5      | Found an ancient bone altar of Kikubaaqudgha.
  3524 | D:5      | Found a snail-covered altar of Cheibriados.
  3527 | D:5      | Became a worshipper of Gozag Ym Sagoz the Greedy
  3536 | D:5      | Reached skill level 1 in Short Blades
  3572 | D:5      | Found a broken altar of Ashenzari.
  3855 | D:5      | Reached skill level 7 in Armour
  4029 | D:6      | Reached XP level 8. HP: 70/70 MP: 7/7
  4386 | D:6      | Reached skill level 1 in Dodging
  4703 | D:7      | Reached skill level 5 in Short Blades
  4712 | D:7      | Reached skill level 8 in Armour
  4749 | D:7      | Noticed a manticore
  4808 | D:7      | Killed a manticore
  4809 | D:7      | Reached skill level 1 in Evocations
  4809 | D:7      | Reached XP level 9. HP: 68/79 MP: 8/8
  5070 | D:7      | Found a stormy altar of Qazlal.
  5108 | D:7      | Found a blossoming altar of Fedhas.
  5277 | D:8      | Noticed Prince Ribbit
  5289 | D:8      | Killed Prince Ribbit
  5290 | D:8      | Reached skill level 9 in Armour
  5444 | D:8      | Noticed Maurice
  5461 | D:8      | Killed Maurice
  5512 | D:8      | Found Nayffah's Antique Weapon Shop.
  5514 | D:8      | Found a staircase to the Lair.
  5657 | D:8      | Reached XP level 10. HP: 82/84 MP: 9/9
  6000 | Lair:1   | Entered Level 1 of the Lair of Beasts
  6141 | Lair:1   | Found a transporter.
  6142 | Lair:1   | Found a transporter.
  6142 | Lair:1   | Noticed a boulder beetle
  6142 | Lair:1   | Noticed a boulder beetle
  6157 | Lair:1   | Found a runed translucent door.
  6261 | Lair:1   | Noticed GravelGoth's ghost (journeyman OpBr)
  6283 | Lair:1   | Killed GravelGoth's ghost
  6284 | Lair:1   | Reached skill level 10 in Armour
  6300 | Lair:1   | Identified the +7 long sword "Xywimosk" {freeze, rPois
                  | rCorr}
  6353 | Lair:1   | Noticed a black mamba
  6366 | Lair:1   | Killed a black mamba
  6386 | Lair:1   | Noticed a five-headed hydra
  6397 | Lair:1   | Killed a five-headed hydra
  6420 | Lair:1   | Reached skill level 11 in Armour
  6420 | Lair:1   | Reached skill level 5 in Evocations
  6420 | Lair:1   | Reached XP level 11. HP: 99/99 MP: 10/10
  6431 | Lair:1   | Noticed an eight-headed hydra
  6442 | Lair:1   | Killed an eight-headed hydra
  6448 | Lair:1   | Reached skill level 10 in Fighting
  6482 | Lair:1   | Noticed an eight-headed hydra
  6490 | Lair:1   | HP: 4/99 [eight-headed hydra (7)]
  6490 | Lair:1   | Slain by an eight-headed hydra

Illustrated notes

Levels and vault maps discovered:
D:1:      ncdulo_lavacross, layout_rooms, nrook_campfire, minivault_4
D:2:      layout_loops_cross, basic_altar
D:3:      kennysheep_slugbush, layout_loops_ring,
          hellmonk_ecumenical_altar_zigzags
D:4:      layout_cave_pools, nicolae_vehumet_radiance, temple_pool_b
D:5:      layout_cave_pools, grunt_temple_overflow_open, kennysheep_mini,
          hex_tiny
D:6:      layout_gridville, chequers_jeans, hellmonk_bongcloud_opening
D:7:      layout_basic, grunt_temple_overflow_forces_of_nature,
          minmay_fractal_squares_gapless_5
D:8:      layout_rooms, dpeg_oklobed_lair, serial_shops, shop, minivault_27,
          uniq_prince_ribbit1, uniq_harold, uniq_maurice
Temple:   jpeg_temple_clearing
Lair:1:   gammafunk_boulding_lane, layout_regular_city,
          ebering_ghost_reflecting_pool, st_stairs_5

Skill      XL: |  1  2  3  4  5  6  7  8  9 10 11 |
---------------+----------------------------------+-----
Shields        | 4 5 6 7 8 9 |  9.1
Armour         | 4 5 6 7 8 9 11 | 11.4
Axes           | 3 4 5 6 |  6.1
Fighting       | 4 5 6 7 8 9 10 | 10.0
Short Blades   | 3 6 7 8 9 |  9.0
Dodging        | 1 3 |  3.6
Evocations     | 1 3 5 |  5.2
Long Blades    | 2 |  2.5
Slings         | 2 |  2.4
Throwing       | 2 |  2.1

Action                   |  1- 3 |  4- 6 |  7- 9 | 10-12 || total
-------------------------+-------+-------+-------+-------++-------
Melee: War axe           |    70 |    91 |       |       ||   161
       Headbutt          |     7 |    18 |    36 |    14 ||    75
       Rapier            |       |    15 |   199 |    61 ||   275
 Fire: Hunting sling     |       |    12 |       |       ||    12
Throw: Dart              |       |       |     1 |       ||     1
  Use: Scroll            |     3 |     7 |     7 |     4 ||    21
       Potion            |       |       |     1 |     1 ||     2
Armor: Scale mail        |    41 |     9 |       |       ||    50
       Plate armour      |       |    55 |   112 |    50 ||   217
Dodge: Dodged            |    25 |    24 |    49 |    22 ||   120
Block: Kite shield       |    31 |    75 |   139 |    53 ||   298
